[Event "Titled Tuesday Blitz November 29 Early 2022"]
[White "Abasov, Nijat"]
[Black "Timofeev, Artyom"]
[WhiteFideId "13402960"]
[BlackFideId "4140419"]
[WhiteElo "2546"]
[BlackElo "2586"]
[Result "1-0"]
[Round "10"]
[TimeControl "180+1"]
[Date "2022.11.29"]
[WhiteClock "0:00:01"]
[BlackClock "0:00:01"]

1. d4 d5 2. Nf3 e6 3. Bf4 Bd6 4. e3 b6 5. Bxd6 Qxd6 6. c4 Nf6 7. cxd5 exd5 8. Nc3 O-O 9. Bd3 c5 10. dxc5 bxc5 11. O-O Bb7 12. Qc2 Nbd7 13. Rfd1 Qe7 14. Be2 Nb6 15. Rac1 Rfe8 16. h3 Rad8 17. Bb5 Rf8 18. Qf5 d4 19. exd4 Bxf3 20. Qxf3 cxd4 21. Ne2 Qe5 22. Bd3 Rfe8 23. Ng3 g6 24. Rd2 Nbd5 25. Re2 Qf4 26. Rxe8+ Rxe8 27. Qxf4 Nxf4 28. Bf1 d3 29. Rd1 Rd8 30. f3 Rc8 31. Bxd3 Nxd3 32. Rxd3 Rc1+ 33. Nf1 Nh5 34. Kf2 Nf4 35. Rd2 h5 36. h4 Kg7 37. Ne3 a5 38. b3 Rc3 39. Rc2 Nd3+ 40. Ke2 Rxc2+ 41. Nxc2 Nc1+ 42. Ke3 Nxa2 43. Kd4 Kf6 44. Ne3 Nc1 45. Kc4 Ke6 46. Kc3 Ne2+ 47. Kd3 Nf4+ 48. Kc4 Ke5 49. g3 Ne2 50. Nf1 Nc1 51. Kc3 f5 52. Kc2 Na2 53. Kb2 1-0


[Site "https://www.chess.com"]

[Event "Titled Tuesday Blitz November 29 Early 2022"]
[White "Aloma Vidal, Robert"]
[Black "Eynullayev, Atilla"]
[WhiteFideId "2260409"]
[BlackFideId "13413570"]
[WhiteElo "2435"]
[BlackElo "2181"]
[Result "1-0"]
[Round "10"]
[TimeControl "180+1"]
[Date "2022.11.30"]
[WhiteClock "0:02:10"]
[BlackClock "0:02:36"]

1. e4 c5 2. c3 Nf6 3. e5 Nd5 4. Nf3 Nc6 5. Bc4 e6 6. O-O Be7 7. d4 cxd4 8. cxd4 d6 9. Bd2 O-O 10. Nc3 dxe5 11. dxe5 Nb6 12. Bb3 Nd4 13. Nxd4 Qxd4 14. Qe2 Bd7 15. Rad1 Qh4 16. Be3 Bc6 17. Rd4 1-0


[Site "https://www.chess.com"]

[Event "Titled Tuesday Blitz November 29 Early 2022"]
[White "Amin-Erdene, Bayanmunkh"]
[Black "Matveeva, Olga"]
[WhiteFideId "4903161"]
[BlackFideId "24107018"]
[WhiteElo "1447"]
[BlackElo "2055"]
[Result "1-0"]
[Round "10"]
[TimeControl "180+1"]
[Date "2022.11.30"]
[WhiteClock "0:00:10"]
[BlackClock "0:00:01"]

1. d4 Nf6 2. Bf4 d5 3. e3 c5 4. c3 Qb6 5. Qb3 c4 6. Qc2 Nc6 7. Nd2 g6 8. Ngf3 Bf5 9. Qc1 Bg7 10. h3 O-O 11. Be2 a5 12. O-O a4 13. Ne5 Rfd8 14. Bf3 Nxe5 15. Bxe5 Bd3 16. Re1 e6 17. e4 Re8 18. exd5 Nxd5 19. Bxg7 Kxg7 20. Ne4 e5 21. Nc5 exd4 22. cxd4 Nb4 23. Rxe8 Rxe8 24. Qc3 Re7 25. a3 Nc2 26. Rc1 Qf6 27. Nxd3 cxd3 28. Qxd3 Nxd4 29. Be4 Qe5 30. Bf3 Nxf3+ 31. Qxf3 Qxb2 32. Rc4 b5 33. Rb4 Qa1+ 34. Kh2 Qe5+ 35. g3 Rd7 36. h4 Rd4 37. Rb1 Rd2 38. Kg2 h5 39. Rb4 Rb2 40. Re4 Qf6 41. Rf4 Qe5 42. Rxf7+ Kh6 43. Rf8 Rb3 44. Qf7 Qe4+ 45. Kh2 1-0


[Site "https://www.chess.com"]

[Event "Titled Tuesday Blitz November 29 Early 2022"]
[White "Andreikin, Dmitry"]
[Black "Corrales Jimenez, Fidel"]
[WhiteFideId "4158814"]
[BlackFideId "3506690"]
[WhiteElo "2736"]
[BlackElo "2541"]
[Result "0-1"]
[Round "10"]
[TimeControl "180+1"]
[Date "2022.11.29"]
[WhiteClock "0:00:01"]
[BlackClock "0:00:12"]

1. e4 c5 2. Na3 Nc6 3. Bb5 Nd4 4. Nf3 a6 5. Nxd4 cxd4 6. Bd3 e6 7. O-O b5 8. c4 dxc3 9. dxc3 Bxa3 10. bxa3 Ne7 11. a4 bxa4 12. Ba3 O-O 13. Qxa4 Re8 14. Bd6 Bb7 15. Rfb1 Bc6 16. Qd4 Ng6 17. g3 Qg5 18. Rb6 e5 19. Qe3 Nf4 20. Bf1 Qg6 21. Rd1 Qh5 22. f3 Re6 23. gxf4 Qg6+ 24. Kf2 Rxd6 25. f5 Qf6 26. Rxd6 Qxd6 27. Rxa6 Rxa6 28. Bxa6 g6 29. Bc4 Kg7 30. fxg6 hxg6 31. Bb3 Qf6 32. Kg3 Qd8 33. h4 d6 34. Qg5 Qb6 35. Kg2 Qb5 36. Kf2 Qb6+ 37. Qe3 Qd8 38. Qg5 Qb6+ 39. Kg2 Qb5 40. Qd2 Bb7 41. Kf2 Ba6 42. c4 Qc5+ 43. Qe3 Qb4 44. Qd3 Qc5+ 45. Kg2 Bb7 46. Qd2 Bc6 47. Kf1 Bd7 48. Kg2 Be6 49. Qf2 Qb4 50. Qe2 Qc3 51. Kg3 Qc1 52. Kg2 Kh6 53. Qf2 f6 54. a4 Kh5 55. a5 Qa1 56. Qd2 g5 57. hxg5 fxg5 58. Bd1 Bxc4 59. f4+ g4 60. f5 Qa3 61. Qf2 Qd3 0-1


[Site "https://www.chess.com"]

[Event "Titled Tuesday Blitz November 29 Early 2022"]
[White "Aqib Javaid Butt"]
[Black "Nugumanov, Bakhtiyar"]
[WhiteFideId "7801262"]
[BlackFideId "13701797"]
[WhiteElo "1659"]
[BlackElo "2287"]
[Result "0-1"]
[Round "10"]
[TimeControl "180+1"]
[Date "2022.11.30"]
[WhiteClock "0:01:23"]
[BlackClock "0:01:40"]

1. d4 d6 2. Nf3 g6 3. e4 Bg7 4. Bd3 Nc6 5. c3 e5 6. d5 Nce7 7. Nbd2 h6 8. Ng1 f5 9. Ne2 Nf6 10. f3 O-O 11. Nf1 f4 12. Bd2 g5 13. Qc2 c6 14. dxc6 bxc6 15. O-O-O d5 16. g3 Rb8 17. gxf4 exf4 18. exd5 Nexd5 19. Nd4 Qb6 20. h4 c5 21. Nf5 c4 22. Be4 Nxe4 23. fxe4 Bxf5 24. exf5 Rxf5 25. b4 cxb3 26. axb3 0-1


[Site "https://www.chess.com"]

[Event "Titled Tuesday Blitz November 29 Early 2022"]
[White "Barash, Anton"]
[Black "Forgacs, Attila Jr."]
[WhiteFideId "30935229"]
[BlackFideId "773654"]
[WhiteElo "2325"]
[BlackElo "2168"]
[Result "1/2-1/2"]
[Round "10"]
[TimeControl "180+1"]
[Date "2022.11.30"]
[WhiteClock "0:00:08"]
[BlackClock "0:00:45"]

1. e4 e5 2. Nc3 Nf6 3. f4 d5 4. fxe5 Nxe4 5. Qf3 Nc6 6. Bb5 Nxc3 7. dxc3 Qh4+ 8. g3 Qe4+ 9. Qxe4 dxe4 10. Be3 Be6 11. O-O-O g6 12. Ne2 Bg7 13. Bf4 O-O 14. Bxc6 bxc6 15. Nd4 Bd5 16. b3 c5 17. Nb5 Rad8 18. Nxc7 Bc6 19. e6 fxe6 20. Nxe6 Rxd1+ 21. Rxd1 Re8 22. Nxg7 Kxg7 23. Be3 c4 24. Bxa7 Ra8 25. Bd4+ Kf7 26. a4 Rb8 27. Rf1+ Ke7 28. Rf6 Bd7 29. a5 cxb3 30. cxb3 Rxb3 31. a6 Ra3 32. Rf4 Rxa6 33. Rxe4+ Be6 34. Re2 Ra1+ 35. Kd2 Kd6 36. Ke3 Bf5 37. Kf4 h6 38. g4 Rf1+ 39. Rf2 Rxf2+ 40. Bxf2 Be6 41. Bd4 h5 42. gxh5 gxh5 43. Kg5 Bg4 44. h4 Kd5 45. Kh6 Kc4 46. Kg5 Kd5 47. Kf4 Kc4 48. Kg5 Kd5 1/2-1/2


[Site "https://www.chess.com"]

[Event "Titled Tuesday Blitz November 29 Early 2022"]
[White "Barria Zuniga, Daniel"]
[Black "Balabayeva, Xeniya"]
[WhiteFideId "3400816"]
[BlackFideId "13719688"]
[WhiteElo "2414"]
[BlackElo "2041"]
[Result "1-0"]
[Round "10"]
[TimeControl "180+1"]
[Date "2022.11.30"]
[WhiteClock "0:01:00"]
[BlackClock "0:00:02"]

1. d4 d5 2. c4 e6 3. Nf3 Nf6 4. Nc3 dxc4 5. e3 a6 6. Bxc4 b5 7. Bb3 Bb7 8. O-O Nbd7 9. Re1 Be7 10. e4 b4 11. e5 bxc3 12. exf6 Nxf6 13. bxc3 O-O 14. Bg5 c5 15. Ne5 cxd4 16. cxd4 Nd5 17. Bd2 Ba3 18. Qg4 Nf6 19. Qh4 Bb2 20. Rad1 Qxd4 21. Qh3 Qb6 22. Nc4 Qd4 23. Bb4 Qf4 24. Bxf8 Bc3 25. Qxc3 1-0


[Site "https://www.chess.com"]

[Event "Titled Tuesday Blitz November 29 Early 2022"]
[White "Baskakov, Egor"]
[Black "Oparin, Grigoriy"]
[WhiteFideId "24197866"]
[BlackFideId "24125890"]
[WhiteElo "2211"]
[BlackElo "2639"]
[Result "1/2-1/2"]
[Round "10"]
[TimeControl "180+1"]
[Date "2022.11.29"]
[WhiteClock "0:00:39"]
[BlackClock "0:00:21"]

1. e4 e5 2. Nc3 Nc6 3. g3 g6 4. Bg2 Bg7 5. Nge2 d6 6. O-O Nge7 7. d3 O-O 8. h3 h6 9. f4 f5 10. Be3 Kh7 11. Qd2 Be6 12. Nd5 Qd7 13. Kh2 Rae8 14. Rae1 Bxd5 15. exd5 Nd4 16. c4 Nxe2 17. Rxe2 exf4 18. Bxf4 g5 19. Be3 Ng6 20. b3 Kh8 21. Bf2 f4 22. Rxe8 Qxe8 23. Re1 Qf7 24. Be4 fxg3+ 25. Bxg3 Nf4 26. Qd1 h5 27. Rf1 Bd4 28. h4 Qg7 29. Bxf4 gxf4 30. Qxh5+ Kg8 31. Qf3 Rf6 32. Qh3 Kh8 33. Qg2 Qh6 34. Qg4 Rf8 35. Qg5 Qxg5 36. hxg5 Kg7 37. Kg2 Be3 38. Rh1 f3+ 39. Bxf3 Bxg5 40. Be4 Rh8 41. Rxh8 Kxh8 42. Kh3 1/2-1/2


[Site "https://www.chess.com"]

[Event "Titled Tuesday Blitz November 29 Early 2022"]
[White "Begunov, Konstantin"]
[Black "Tarnowska, Aleksandra"]
[WhiteFideId "4118510"]
[BlackFideId "1180967"]
[WhiteElo "2140"]
[BlackElo "1776"]
[Result "1-0"]
[Round "10"]
[TimeControl "180+1"]
[Date "2022.11.30"]
[WhiteClock "0:00:26"]
[BlackClock "0:00:04"]

1. d4 d5 2. c4 e6 3. Nc3 Nf6 4. cxd5 exd5 5. Bg5 Be7 6. e3 O-O 7. Qc2 h6 8. Bh4 b6 9. Nf3 Bb7 10. Be2 Nbd7 11. O-O Ne4 12. Bxe7 Qxe7 13. Rfd1 Ndf6 14. Rac1 c6 15. Bd3 Rfe8 16. a3 Rac8 17. b4 Ng4 18. Bxe4 dxe4 19. Nd2 Qh4 20. Nf1 Ba6 21. h3 Bd3 22. Qd2 Nf6 23. Ng3 Qg5 24. Nce2 Nh5 25. Nxh5 Qxh5 26. Nf4 Qf5 27. Nxd3 exd3 28. Qxd3 Qg5 29. Rc3 Re6 30. Rdc1 Rg6 31. Qe4 Rf8 32. Rxc6 Rxc6 33. Rxc6 Qh5 34. Qf3 Qb5 35. d5 Qa4 36. e4 Qb3 37. Qxb3 1-0


[Site "https://www.chess.com"]

[Event "Titled Tuesday Blitz November 29 Early 2022"]
[White "Bettalli, Francesco"]
[Black "Rose, Felix"]
[WhiteFideId "2816453"]
[BlackFideId "5105722"]
[WhiteElo "2216"]
[BlackElo "2039"]
[Result "1-0"]
[Round "10"]
[TimeControl "180+1"]
[Date "2022.11.30"]
[WhiteClock "0:01:38"]
[BlackClock "0:00:01"]

1. d4 d5 2. c4 e6 3. cxd5 exd5 4. Nc3 c6 5. e4 dxe4 6. Nxe4 Nf6 7. Nxf6+ Qxf6 8. Nf3 Bb4+ 9. Bd2 Bxd2+ 10. Qxd2 Bg4 11. Be2 O-O 12. O-O Nd7 13. d5 cxd5 14. Qxd5 Nb6 15. Qxb7 Qxb2 16. Bd3 g6 17. Rab1 Qf6 18. Be4 Rfe8 19. Rfe1 Rab8 20. Qxa7 Bxf3 21. Bxf3 Rxe1+ 22. Rxe1 Rd8 23. a4 Qc3 24. Rf1 Qc5 25. a5 Na4 26. Qxc5 Nxc5 27. Ra1 Rd6 28. g3 Ra6 29. Be2 Ra7 30. Kg2 Nb3 31. Ra3 Nxa5 32. Kf3 Nc6 33. Rxa7 Nxa7 34. Ke4 Nc8 35. Ke5 Ne7 36. Bc4 Kg7 37. g4 h6 38. h4 Ng8 39. f3 Ne7 40. Kd6 Ng8 41. Kd7 Nf6+ 42. Ke7 g5 43. hxg5 hxg5 44. Bxf7 Nh7 45. Bd5 Nf6 46. Ke6 Nh7 47. Be4 1-0


[Site "https://www.chess.com"]

[Event "Titled Tuesday Blitz November 29 Early 2022"]
[White "Bogaudinov, Rushan"]
[Black "Koellner, Ruben Gideon"]
[WhiteFideId "4129288"]
[BlackFideId "12993093"]
[WhiteElo "1997"]
[BlackElo "2303"]
[Result "0-1"]
[Round "10"]
[TimeControl "180+1"]
[Date "2022.11.30"]
[WhiteClock "0:01:09"]
[BlackClock "0:02:34"]

1. a3 d6 2. d4 e5 3. dxe5 dxe5 4. Qxd8+ Kxd8 5. Nc3 Be6 6. g3 c6 7. Bg2 Kc7 8. f4 Nd7 9. Nf3 f6 10. Be3 Nh6 11. h3 Nf5 12. Bf2 Bc5 13. e4 Bxf2+ 14. Kxf2 Nd6 15. b3 Rhd8 16. Rad1 b5 17. h4 Bg4 18. Bh3 Bxf3 19. Kxf3 Nc5 20. Ke3 a5 21. fxe5 fxe5 22. Rhf1 b4 23. axb4 axb4 24. Na4 Nxa4 25. bxa4 Rxa4 26. Be6 Ra3+ 27. Rd3 Rxd3+ 28. cxd3 Ra8 29. Rf8 Rxf8 0-1


[Site "https://www.chess.com"]

[Event "Titled Tuesday Blitz November 29 Early 2022"]
[White "Bok, Benjamin"]
[Black "Papasimakopoulos, Alexandros"]
[WhiteFideId "1017063"]
[BlackFideId "4244125"]
[WhiteElo "2658"]
[BlackElo "2365"]
[Result "1-0"]
[Round "10"]
[TimeControl "180+1"]
[Date "2022.11.29"]
[WhiteClock "0:02:07"]
[BlackClock "0:01:14"]

1. d4 e6 2. c4 Nf6 3. Nc3 Bb4 4. Qc2 c5 5. dxc5 Bxc5 6. Nf3 Qb6 7. e3 Be7 8. b3 d6 9. Bb2 Nbd7 10. Be2 a6 11. O-O Qc7 12. Rfd1 b6 13. Nd2 Bb7 14. Bf3 O-O 15. Bxb7 Qxb7 16. Nde4 Qc6 17. Qd3 Nc5 18. Nxf6+ gxf6 19. Qd4 a5 20. Nb5 Rad8 21. Qg4+ Kh8 22. Qh4 Rg8 23. Bxf6+ Bxf6 24. Qxf6+ Rg7 25. Qxd8+ Rg8 26. Qf6+ Rg7 27. f3 h5 28. Rxd6 1-0


[Site "https://www.chess.com"]

[Event "Titled Tuesday Blitz November 29 Early 2022"]
[White "Boros, Denes"]
[Black "Chigaev, Maksim"]
[WhiteFideId "722340"]
[BlackFideId "4108116"]
[WhiteElo "2464"]
[BlackElo "2541"]
[Result "0-1"]
[Round "10"]
[TimeControl "180+1"]
[Date "2022.11.29"]
[WhiteClock "0:00:07"]
[BlackClock "0:00:05"]

1. d4 Nf6 2. Nc3 d5 3. Nf3 g6 4. g3 Bg7 5. Bg2 O-O 6. O-O a5 7. Ne5 e6 8. Bf4 Nbd7 9. Nb5 Ne8 10. c4 c6 11. Na3 Nxe5 12. Bxe5 Nf6 13. Rc1 Re8 14. Qb3 Bf8 15. Nb1 Nd7 16. Bf4 Nb6 17. Nd2 Bg7 18. Be5 a4 19. Qb4 Bf8 20. Qc3 Nd7 21. Bf4 Bg7 22. e4 e5 23. dxe5 d4 24. Qxd4 Nxe5 25. Bxe5 Bxe5 26. Qe3 Bxb2 27. Rcd1 Qa5 28. h3 Be6 29. Kh2 Rad8 30. f4 Bc3 31. Nb1 Rxd1 32. Rxd1 Bg7 33. Rc1 Rd8 34. a3 Bd4 35. Qf3 Qb6 36. f5 Bc8 37. c5 Qb2 38. Rd1 Bf6 39. Rxd8+ Bxd8 40. Qf4 Qxb1 41. Qd6 Ba5 42. f6 Qb3 43. Qf4 Qe6 44. e5 Qe8 45. Be4 Bc7 46. e6 Bxf4 47. e7 Be5 0-1


[Site "https://www.chess.com"]

[Event "Titled Tuesday Blitz November 29 Early 2022"]
[White "Broca Jimenez, Fernando"]
[Black "Palacio,Igor Da Paz"]
[WhiteFideId "5104742"]
[BlackFideId "2121140"]
[WhiteElo "2062"]
[BlackElo "2126"]
[Result "0-1"]
[Round "10"]
[TimeControl "180+1"]
[Date "2022.11.30"]
[WhiteClock "0:00:02"]
[BlackClock "0:00:38"]

1. e4 d6 2. c4 Nf6 3. Nc3 c5 4. Nf3 Nc6 5. h3 g6 6. d4 cxd4 7. Nxd4 Bg7 8. Be3 O-O 9. Qd2 a6 10. Be2 Re8 11. O-O Qa5 12. Rfd1 Bd7 13. b3 Rac8 14. Rac1 Nxd4 15. Bxd4 Bc6 16. f3 h5 17. Bxf6 exf6 18. Nd5 Qc5+ 19. Kh1 Kh7 20. b4 Qf2 21. Qd4 Qxd4 22. Rxd4 f5 0-1


[Site "https://www.chess.com"]

[Event "Titled Tuesday Blitz November 29 Early 2022"]
[White "Buksa, Nataliya"]
[Black "Sovetbekova, Nurai"]
[WhiteFideId "14123622"]
[BlackFideId "13801910"]
[WhiteElo "2313"]
[BlackElo "1925"]
[Result "1-0"]
[Round "10"]
[TimeControl "180+1"]
[Date "2022.11.30"]
[WhiteClock "0:00:20"]
[BlackClock "0:00:03"]

1. d4 d5 2. Nc3 Nf6 3. Bf4 e6 4. Nb5 Na6 5. e3 c6 6. Nc3 Nc7 7. Nf3 c5 8. Be2 Bd6 9. O-O Bxf4 10. exf4 cxd4 11. Nxd4 O-O 12. g3 a6 13. Bd3 b5 14. Nce2 Bb7 15. c3 Ne4 16. a4 bxa4 17. Rxa4 Nc5 18. Ra1 Qf6 19. Bc2 Rfe8 20. Nc1 e5 21. fxe5 Rxe5 22. Nd3 Nxd3 23. Qxd3 g6 24. Rfe1 Rae8 25. Rxe5 Rxe5 26. f4 Re7 27. Kf2 Ne6 28. Re1 Nc5 29. Qf3 Ne4+ 30. Bxe4 dxe4 31. Qg4 Qb6 32. b4 a5 33. bxa5 Qxa5 34. Re3 Qa2+ 35. Qe2 Qd5 36. Qb5 Qa2+ 37. Ne2 Ba6 38. Qb8+ Kg7 39. Qa8 Qc4 40. Qd8 Re6 41. Qd4+ Qxd4 42. Nxd4 Re7 43. g4 Bd3 44. Re1 Rc7 45. Rc1 Ra7 46. Ke3 Ra2 47. c4 Rxh2 48. c5 Rh3+ 49. Kd2 Rh2+ 50. Kc3 Ba6 51. c6 e3 52. Ra1 e2 53. Nc2 Bc8 54. g5 Bf5 55. Nd4 Be4 56. c7 Bb7 57. Nc2 Rf2 58. Ra7 Bc8 59. Ra8 Bf5 60. c8=Q Bxc8 61. Rxc8 Rxf4 62. Rc5 Rf2 63. Kd2 Rg2 64. Ke1 h6 65. gxh6+ Kxh6 66. Nd4 f5 67. Nxe2 Rg4 68. Kf2 Ra4 69. Kf3 Kg5 70. Rc3 Kf6 71. Nf4 Kg5 72. Nh3+ Kh5 73. Nf4+ Kg5 74. Ne2 Kf6 75. Rb3 g5 76. Nc3 g4+ 77. Kg3 Kg5 78. Nxa4 f4+ 79. Kg2 Kh4 80. Nc5 f3+ 81. Kf2 Kh3 82. Ne4 Kh2 83. Ng3 Kh3 84. Rb5 Kh2 85. Rh5# 1-0


[Site "https://www.chess.com"]

[Event "Titled Tuesday Blitz November 29 Early 2022"]
[White "Buscar, Michael"]
[Black "Mitrovic, Darko R"]
[WhiteFideId "2603616"]
[BlackFideId "927023"]
[WhiteElo "2010"]
[BlackElo "2150"]
[Result "1/2-1/2"]
[Round "10"]
[TimeControl "180+1"]
[Date "2022.11.30"]
[WhiteClock "0:00:03"]
[BlackClock "0:00:02"]

1. c4 e5 2. Nf3 Nc6 3. Nc3 g6 4. g3 Bg7 5. Bg2 f5 6. O-O Nf6 7. d4 e4 8. Ne5 O-O 9. Bg5 h6 10. Be3 Nxe5 11. dxe5 Ng4 12. Qd5+ Kh7 13. Bc5 Re8 14. f4 exf3 15. exf3 Rxe5 16. fxg4 Rxd5 17. Nxd5 d6 18. Be3 Bxb2 19. Rae1 Be5 20. gxf5 Bxf5 21. g4 Be6 22. Be4 c6 23. Nf4 Bxf4 24. Rxf4 d5 25. cxd5 Bxd5 26. Bb1 Qe7 27. Bd2 Qd7 28. Bb4 Re8 29. Ref1 Re2 30. R1f2 Rxf2 31. Kxf2 Qe6 32. h4 Bxa2 33. Bc2 Bb3 34. Bd3 Kg7 35. h5 gxh5 36. gxh5 Bd5 37. Bc3+ Kg8 38. Bf5 Qd6 39. Rg4+ Kf7 40. Rg7+ Kf8 41. Rg4 Qc5+ 42. Bd4 Qc1 43. Bg7+ Kf7 44. Bd4 Qh1 45. Bg6+ Kf8 46. Rf4+ Ke7 47. Bc5+ Kd7 48. Bf5+ Ke8 49. Bg6+ Kd7 50. Bf5+ Ke8 51. Bg6+ Kd7 1/2-1/2


[Site "https://www.chess.com"]

[Event "Titled Tuesday Blitz November 29 Early 2022"]
[White "Chernobay, Artem"]
[Black "Sukandar, Irine Kharisma"]
[WhiteFideId "4167406"]
[BlackFideId "7101937"]
[WhiteElo "2473"]
[BlackElo "2301"]
[Result "1-0"]
[Round "10"]
[TimeControl "180+1"]
[Date "2022.11.30"]
[WhiteClock "0:01:13"]
[BlackClock "0:01:17"]

1. e4 e5 2. Nf3 d6 3. d4 exd4 4. Nxd4 Nf6 5. Nc3 Be7 6. Bf4 O-O 7. Qd2 a6 8. O-O-O b5 9. f3 Bb7 10. Nf5 Nbd7 11. g4 b4 12. Ne2 a5 13. Ned4 Nc5 14. Nxe7+ Qxe7 15. Bg5 Qe5 16. Bf4 Qe8 17. Bb5 Qc8 18. Nf5 Qe6 19. Bh6 g6 20. Bxf8 Rxf8 21. Qh6 Nxg4 22. Qg7# 1-0


[Site "https://www.chess.com"]

[Event "Titled Tuesday Blitz November 29 Early 2022"]
[White "Chernov, Mikhail"]
[Black "Silva, Miguel Antonio Neto"]
[WhiteFideId "24143170"]
[BlackFideId "1911929"]
[WhiteElo "2113"]
[BlackElo "2223"]
[Result "0-1"]
[Round "10"]
[TimeControl "180+1"]
[Date "2022.11.30"]
[WhiteClock "0:00:09"]
[BlackClock "0:01:22"]

1. e4 c6 2. d4 d5 3. e5 Bf5 4. h4 h5 5. c4 e6 6. Nc3 Nd7 7. Bg5 Qb6 8. Qd2 dxc4 9. Bxc4 Qb4 10. Bb3 Nb6 11. Nge2 Ne7 12. O-O Ned5 13. Rac1 Be7 14. Ng3 Bg6 15. Rfd1 Rd8 16. Qe2 Bxg5 17. hxg5 Nxc3 18. bxc3 Qe7 19. f4 h4 20. Ne4 h3 21. Nd6+ Rxd6 22. exd6 Qxd6 23. Qe5 Qxe5 24. dxe5 Rh4 25. g3 h2+ 26. Kf2 Rh7 27. Ke3 Nd5+ 28. Bxd5 exd5 29. Rh1 Be4 30. Kf2 Ke7 31. a4 b6 32. g4 Rh3 33. Rce1 Bxh1 34. Rxh1 Rxc3 35. Rxh2 Rc2+ 36. Kg3 Rxh2 37. Kxh2 Ke6 38. Kg2 c5 39. Kf2 a6 40. Ke2 g6 41. Kd3 b5 42. axb5 axb5 43. Kc3 d4+ 44. Kd3 Kd5 45. Kd2 c4 46. Kc2 Ke4 47. Kd2 Kxf4 0-1


[Site "https://www.chess.com"]

[Event "Titled Tuesday Blitz November 29 Early 2022"]
[White "Clawitter, Craig"]
[Black "Dudzinski, Pawel"]
[WhiteFideId "2023105"]
[BlackFideId "1117890"]
[WhiteElo "2268"]
[BlackElo "2086"]
[Result "1-0"]
[Round "10"]
[TimeControl "180+1"]
[Date "2022.11.30"]
[WhiteClock "0:00:20"]
[BlackClock "0:00:02"]

1. e4 c6 2. Nf3 d5 3. e5 d4 4. c3 dxc3 5. Nxc3 Bg4 6. Be2 e6 7. d4 Ne7 8. O-O Nd5 9. Ne4 Be7 10. Bg5 Bxf3 11. Nd6+ Qxd6 12. exd6 Bxe2 13. Qxe2 Bxg5 14. f4 Bf6 15. f5 Bxd4+ 16. Kh1 e5 17. Rad1 O-O 18. f6 Nxf6 19. Rxf6 gxf6 20. Qg4+ Kh8 21. Qf5 Rg8 22. Rd3 Na6 23. Qxf6+ Rg7 24. Rg3 Rg8 25. d7 Bb6 26. Rxg7 Rxg7 27. d8=Q+ Bxd8 28. Qxd8+ Rg8 29. Qf6+ Rg7 30. Qxe5 h6 31. h3 Kh7 32. Qf5+ Rg6 33. Qxf7+ Rg7 34. Qf5+ Kg8 35. g4 c5 36. Qd5+ Kh7 37. a3 b6 38. Qd3+ Kh8 39. Qxa6 Rd7 40. b4 Rd1+ 41. Kg2 Rd2+ 42. Kf3 Ra2 43. bxc5 Rxa3+ 44. Qxa3 1-0


[Site "https://www.chess.com"]

[Event "Titled Tuesday Blitz November 29 Early 2022"]
[White "Costachi, Mihnea"]
[Black "Ivic, Velimir"]
[WhiteFideId "1217518"]
[BlackFideId "950122"]
[WhiteElo "2424"]
[BlackElo "2625"]
[Result "1-0"]
[Round "10"]
[TimeControl "180+1"]
[Date "2022.11.29"]
[WhiteClock "0:00:18"]
[BlackClock "0:00:04"]

1. d4 c5 2. d5 e5 3. Nc3 d6 4. e4 Be7 5. Nf3 Bg4 6. h3 Bh5 7. Be2 Nd7 8. a4 a6 9. O-O Bxf3 10. Bxf3 Bg5 11. Bg4 Bxc1 12. Qxc1 Ngf6 13. Qg5 Nxg4 14. Qxg7 Qf6 15. Qxg4 h5 16. Qf5 Ke7 17. f4 Qxf5 18. exf5 exf4 19. Rxf4 f6 20. Ne2 Ne5 21. Re4 Kf7 22. Nf4 Rhg8 23. Nxh5 Rae8 24. Kh1 Rg5 25. g4 Rh8 26. b4 c4 27. a5 Rhxh5 28. gxh5 Rxh5 29. b5 Rxh3+ 30. Kg2 Rc3 31. Re2 Ke7 32. bxa6 bxa6 33. Rb1 Ra3 34. Rb7+ Ke8 35. Re4 Kf8 36. Rh4 Kg8 37. Rhh7 Rxa5 38. Rhg7+ Kf8 39. Rgc7 Rc5 40. Rb8# 1-0


[Site "https://www.chess.com"]

[Event "Titled Tuesday Blitz November 29 Early 2022"]
[White "Cramling Bellon, Anna"]
[Black "Grapsa, Georgia"]
[WhiteFideId "32009232"]
[BlackFideId "4206436"]
[WhiteElo "1972"]
[BlackElo "1877"]
[Result "1-0"]
[Round "10"]
[TimeControl "180+1"]
[Date "2022.11.30"]
[WhiteClock "0:00:03"]
[BlackClock "0:00:03"]

1. d4 e6 2. c4 f5 3. Nc3 Nf6 4. Bg5 Be7 5. Bxf6 Bxf6 6. e4 fxe4 7. Nxe4 O-O 8. Nf3 b6 9. Bd3 Bb7 10. Qc2 h6 11. Nxf6+ Qxf6 12. Bh7+ Kf7 13. Ne5+ Ke8 14. O-O-O d6 15. Ng6 Rf7 16. Rhe1 Kd8 17. Bg8 Qg5+ 18. f4 Rxf4 19. Nxf4 Qxf4+ 20. Kb1 Nc6 21. Bxe6 Nxd4 22. Qg6 Nxe6 23. Qxe6 Bc6 24. Qe7+ Kc8 25. Qxg7 Be4+ 26. Ka1 Kb7 27. Qd4 Re8 28. a4 Qf5 29. Rf1 Qe6 30. g3 Qd7 31. b3 Qc6 32. Rfe1 Bf3 33. Kb2 Bxd1 34. Rxe8 1-0


[Site "https://www.chess.com"]

[Event "Titled Tuesday Blitz November 29 Early 2022"]
[White "Csonka, Balazs"]
[Black "Fromm, Marius"]
[WhiteFideId "742910"]
[BlackFideId "12993190"]
[WhiteElo "2404"]
[BlackElo "2325"]
[Result "0-1"]
[Round "10"]
[TimeControl "180+1"]
[Date "2022.11.30"]
[WhiteClock "0:00:02"]
[BlackClock "0:00:12"]

1. d4 Nf6 2. c4 c5 3. Nf3 e6 4. d5 exd5 5. cxd5 d6 6. Nc3 g6 7. Qa4+ Nbd7 8. Bf4 a6 9. e4 Rb8 10. e5 b5 11. Qc2 dxe5 12. Nxe5 Nxe5 13. Bxe5 Bd6 14. Bxf6 Qxf6 15. Bd3 O-O 16. O-O c4 17. Be2 Re8 18. Ne4 Bxh2+ 19. Kxh2 Qh4+ 20. Kg1 Qxe4 21. Qxe4 Rxe4 22. Bf3 Rd4 23. a4 Bb7 24. axb5 axb5 25. Rfd1 Rxd1+ 26. Rxd1 Rd8 27. Kf1 Kf8 28. Ke2 Ke8 29. Ke3 Kd7 30. Kd4 Kd6 31. b3 cxb3 32. Rb1 Rc8 33. Rxb3 Rc5 34. Be2 Rxd5+ 35. Ke3 Bc6 36. f4 h6 37. g3 g5 38. fxg5 hxg5 39. Rb2 Re5+ 40. Kd4 Re4+ 41. Kd3 Ra4 42. Ke3 Ra3+ 43. Kf2 Kc5 44. Rc2+ Kb6 45. Rb2 f6 46. Bf1 Ra4 47. Be2 b4 48. Bd1 Kc5 49. Bxa4 Bxa4 50. Ke3 Kc4 51. Kd2 b3 52. Rb1 Bd7 53. Rf1 f5 54. Rf3 Be6 55. Kc1 Kd4 56. Kd2 Bd5 57. Rf2 Be4 58. Kd1 Kc3 59. Kc1 Bd3 60. Rb2 Bc4 61. Rf2 Bd3 62. Rb2 Be4 63. g4 fxg4 64. Rc2+ Kd4 65. Rb2 Bd5 66. Rd2+ Ke5 67. Re2+ Kf4 68. Rd2 Be4 69. Rf2+ Bf3 70. Re2 Bxe2 0-1


[Site "https://www.chess.com"]

[Event "Titled Tuesday Blitz November 29 Early 2022"]
[White "Czopor, Maciej"]
[Black "Hambleton, Aman"]
[WhiteFideId "21805431"]
[BlackFideId "2606577"]
[WhiteElo "2324"]
[BlackElo "2538"]
[Result "0-1"]
[Round "10"]
[TimeControl "180+1"]
[Date "2022.11.30"]
[WhiteClock "0:00:17"]
[BlackClock "0:00:04"]

1. c4 c5 2. Nc3 b6 3. Nf3 Bb7 4. g3 Bxf3 5. exf3 Nc6 6. Bg2 g6 7. O-O Bg7 8. f4 Nh6 9. d3 Nf5 10. Re1 Rc8 11. Rb1 d6 12. Bd2 h5 13. h4 Qd7 14. a3 O-O 15. b4 e6 16. Ne4 Rfd8 17. Ng5 Ncd4 18. Be4 Bf6 19. Be3 d5 20. cxd5 exd5 21. Bg2 c4 22. dxc4 dxc4 23. Ne4 Bg7 24. Rc1 Nb3 25. Qxd7 Rxd7 26. Rc2 Nfd4 27. Ra2 c3 28. Bh3 f5 29. Ng5 c2 30. Bf1 Bf6 31. Ba6 Rcc7 32. Bxd4 c1=Q 33. Bxf6 Qxe1+ 34. Kg2 Rd2 35. Rxd2 Nxd2 36. Be5 Rc1 0-1


[Site "https://www.chess.com"]